 Dungeon Sprint DCSS version 0.17.1-3-g152610e (webtiles) character file.

17512 Groucho the Fetichist (level 12, -27/123 HPs)
             Began as a Deep Dwarf Fighter on Apr 23, 2016.
             Was the Champion of Makhleb.
             Killed from afar by a deep elf annihilator (46 damage)
             ... with a crystal spear
             ... in the Dungeon (Sprint V: "Ziggurat Sprint").
             The game lasted 00:10:33 (1615 turns).

Groucho the Fetichist (Deep Dwarf Fighter)          Turns: 1615, Time: 00:10:33

Health: -27/123    AC: 33    Str: 38    XL:     12   Next: 19%
Magic:  24/24      EV:  4    Int: 14    God:    Makhleb [******]
Gold:   0          SH: 33    Dex: 12    Spells: 0 memorised, 11 levels left

rFire  . . .     SeeInvis +     a - +14 obsidian axe {chop, +Fly Str+3 SInv *Curse} (curse)
rCold  + . .     Clarity  .     b - +15 Maxwell's patent armour {-Cast -Tele rElec MR+ rCorr}
rNeg   + . .     SustAt   .     c - +18 shield of the gong {rElec rN+ MR+ EV-5}
rPois  .         Gourm    .     D - +0 helmet {SInv}
rElec  +         Spirit   .     (no cloak)
rCorr  +         Warding  .     (no gloves)
rMut   .         NoTele   +     (no boots)
MR     +++..     NoCast   +     M - amulet of Ynodi {Faith rC+ Int+3}
Stlth  ..........               G - +6 ring of strength
                                F - +6 ring of strength

@: lethally poisoned (-27 -> -27), mesmerised, non-regenerating, studying Long
Blades, extremely resistant to hostile enchantments, extremely unstealthy
A: damage resistance, recharge devices, sense surroundings 2, slow regeneration
3
a: Device Recharging, Minor Destruction, Lesser Servant of Makhleb, Major
Destruction, Greater Servant of Makhleb, Renounce Religion, Evoke Flight


You were in the Dungeon.
You worshipped Makhleb.
Makhleb was exalted by your worship.
You were not hungry.

You visited 1 branch

Inventory:

Hand Weapons
 a - the cursed +14 obsidian axe (weapon) {chop, +Fly Str+3 SInv *Curse}
   (You found it in the Dungeon)

   It inflicts extra damage upon your enemies.
   It affects your strength (+3).
   It lets you see invisible.
   It lets you fly.
   It may re-curse itself when equipped.
   It has a curse placed upon it.
 B - a +5 broad axe
Armour
 b - the +15 Maxwell's patent armour (worn) {-Cast -Tele rElec MR+ rCorr}
   (You found it in the Dungeon)

   It insulates you from electricity.
   It affects your resistance to hostile enchantments.
   It prevents spellcasting.
   It prevents most forms of teleportation.
   It protects you from acid and corrosion.
 c - the +18 shield of the gong (worn) {rElec rN+ MR+ EV-5}
   (You found it in the Dungeon)

   It affects your evasion (-5).
   It insulates you from electricity.
   It protects you from negative energy.
   It affects your resistance to hostile enchantments.
 m - a +5 gold dragon armour
 D - a +0 helmet of see invisible (worn)
Rods
 K - a +3 rod of shadows (11/11)
   (You found it in the Dungeon)
Jewellery
 F - a +6 ring of strength (left hand)
 G - a +6 ring of strength (right hand)
 L - the ring of Piaxkej {+Fly rElec Int-5 Dex+2 Slay+3}
   (You found it in the Dungeon)

   [ring of flight]

   It affects your intelligence (-5).
   It affects your dexterity (+2).
   It affects your accuracy and damage with ranged weapons and melee attacks
   (+3).
   It insulates you from electricity.
   It lets you fly.
 M - the amulet of Ynodi (around neck) {Faith rC+ Int+3}
   (You found it in the Dungeon)

   [amulet of faith]

   It allows you to gain divine favour quickly.
   It affects your intelligence (+3).
   It protects you from cold.
Wands
 e - a wand of heal wounds (3)
 H - a wand of disintegration (7)
 I - a wand of fire (5)
 J - a wand of cold (5)
Scrolls
 l - 4 scrolls of blinking
 s - 4 scrolls of amnesia
 t - 3 scrolls of recharging
 u - 7 scrolls of fog
 v - a scroll of holy word
 w - 5 scrolls of identify
 x - 5 scrolls of remove curse
 y - 2 scrolls of fear
 E - 4 scrolls of enchant armour
 N - 2 scrolls of brand weapon
Potions
 d - 7 potions of might
 g - 9 potions of curing
 h - 6 potions of heal wounds
 i - 6 potions of haste
 j - 7 potions of magic
 k - 3 potions of berserk rage
 n - 2 potions of brilliance
 o - 2 potions of invisibility
 p - 4 potions of resistance
 q - a potion of experience
 r - 5 potions of agility
Books
 C - a manual of Long Blades
Comestibles
 f - 5 bread rations
 z - 34 fruits
 A - 4 meat rations


   Skills:
 * Level 12.7 Fighting
 * Level 14.5 Axes
 * Level 14.7 Armour
 * Level 14.8 Shields
 + Level 12.2 Invocations
 * Level 16.7 Evocations


You had 11 spell levels left.
You didn't know any spells.

Dungeon Overview and Level Annotations

Branches:
Dungeon (1/1)

Altars:
Ashenzari
Cheibriados
Dithmenos
Elyvilon
Fedhas
Gozag
Kikubaaqudgha
Makhleb
Nemelex Xobeh
Okawaru
Qazlal
Ru
Sif Muna
Trog
Vehumet
Xom
Yredelemnul
Zin
The Shining One
Beogh
Jiyva
Lugonu


Innate Abilities, Weirdness & Mutations

You are resistant to damage.
You can recharge devices by infusing magical energy.
You passively map the area around you.
You do not regenerate naturally.


Message History

The deep elf blademaster is heavily wounded.
You closely miss the sun demon. You barely miss the deep elf priest.
You slash the deep elf knight!
The deep elf knight is moderately wounded.
You slash the deep elf mage!
The deep elf mage is severely wounded.
Your Maxwell's patent armour prevents you from hitting the Executioner.
The Executioner is lightly wounded.
Visions of slaying the deep elf priest flood into your mind.
The Executioner hits you but does no damage.
The Executioner completely misses you. You block the Executioner's attack.
PTOANNNG!
The Executioner hits you.
* * * LOW HITPOINT WARNING * * *
You block the Executioner's attack.
PTOANNNG!
The Executioner hits you.
The deep elf annihilator gestures at you while chanting.
The crystal spear hits you!
You die...

©8 ,,▓.........▓ ≈
▓..:[))}.}..▓▓▓▓▓▓▓▓▓▓▓ ,
▓...})"=)...▓...8©8...▓ *
▓...........▓..|:.:...▓ ,
, ▓...........▓...).)...▓
, ▓...e)......▓.........▓
,, ,
...3ee.....▓.......).▓ ,
,, ▓.3ee.▓ ▓.........▓ ,
, , *▓▓e@e▓▓ ▓.).))|...▓
,,,,
▓..▓..e1.▓..▓.▓..(..▓.▓
,,
▓...........▓.....)...▓
,,
,▓▓▓▓▓▓▓▓▓▓▓▓▓▓▓▓▓▓▓▓▓▓▓
, *
,▓...8©8...▓...8©8...▓..
*,▓....|})}.▓..}|}:|..▓..
, ,
▓..}.55|..▓..[441=..▓.. ,
▓..53..)..▓.........▓.. ,
▓..)(4)...▓...).....▓..


You could see a deep elf blademaster, a deep elf master archer, a deep elf
annihilator, an Executioner, a sun demon, a deep elf knight, a deep elf high
priest, a deep elf conjurer, a deep elf priest, a deep elf mage and a friendly
ice devil.

Vanquished Creatures
  An ironheart preserver (D)
  A reaper (D)
  A stone giant (D)
  A deep elf annihilator (D)
  2 merfolk javelineers (D)
  A yaktaur captain (D)
  A deep elf high priest (D)
  2 deep elf knights (D)
  An anubis guard (D)
  3 deep elf summoners (D)
  3 cyclopes (D)
  A vault sentinel (D)
  4 yaktaurs (D)
  A komodo dragon (D)
  2 jumping spiders (D)
  A yak (D)
  2 deep elf magi (D)
  A spriggan (D)
  A deep elf fighter (D)
  2 wolves (D)
  A porcupine (D)
  A phantom (D)
  2 black bears (D)
  A necrophage (D)
  A scorpion (D)
  2 wights (D)
  3 orc priests (D)
  An iron imp (D)
  2 iguanas (D)
  A sheep (D)
  3 mummies (D)
  A river rat (D)
  2 adder zombies (D)
  An adder skeleton (D)
  An orc (D)
  A bat skeleton (D)
  2 bat zombies (D)
  A jackal (D)
  2 ball python skeletons (D)
  2 jackal skeletons (D)
63 creatures vanquished.

Vanquished Creatures (collateral kills)
  A vault warden (D)
  A merfolk javelineer (D)
  2 vault guards (D)
  An ogre mage (D)
  An ironbrand convoker (D)
  A phantasmal warrior (D)
  A deep elf conjurer (D)
  2 rust devils (D)
  A red devil (D)
  A tormentor (D)
  A deep elf fighter (D)
  A porcupine (D)
  A centaur (D)
  A river rat (D)
16 creatures vanquished.

Grand Total: 79 creatures vanquished

Notes
Turn   | Place    | Note
--------------------------------------------------------------
     0 | D        | Groucho the Deep Dwarf Fighter began the quest for the Orb.
     0 | D        | Reached XP level 1. HP: 20/20 MP: 1/1
     7 | D        | Found an iron altar of Okawaru.
     7 | D        | Found a radiant altar of Vehumet.
     7 | D        | Found a shimmering altar of Xom.
     7 | D        | Found a burning altar of Makhleb.
     8 | D        | Found a deep blue altar of Sif Muna.
    10 | D        | Found a roughly hewn altar of Beogh.
    10 | D        | Found a corrupted altar of Lugonu.
    10 | D        | Found a viscous altar of Jiyva.
    10 | D        | Found a white marble altar of Elyvilon.
    10 | D        | Found a sparkling altar of Nemelex Xobeh.
    10 | D        | Found a bloodstained altar of Trog.
    65 | D        | Became a worshipper of Makhleb the Destroyer
    96 | D        | Entered arena 1.
    96 | D        | Noticed a spriggan
    96 | D        | Noticed a black bear
    99 | D        | Killed a spriggan
    99 | D        | Reached skill level 4 in Fighting
    99 | D        | Reached skill level 5 in Axes
    99 | D        | Reached skill level 5 in Armour
    99 | D        | Reached skill level 5 in Shields
    99 | D        | Reached skill level 5 in Evocations
    99 | D        | Reached XP level 2. HP: 25/31 MP: 1/5
    99 | D        | Reached XP level 3. HP: 29/37 MP: 1/7
    99 | D        | Reached XP level 4. HP: 35/45 MP: 1/8
    99 | D        | Reached XP level 5. HP: 39/51 MP: 1/9
   100 | D        | Killed a black bear
   100 | D        | Reached * piety under Makhleb
   100 | D        | Reached skill level 5 in Fighting
   100 | D        | Reached skill level 6 in Armour
   271 | D        | Entered arena 2.
   271 | D        | Noticed a jumping spider
   271 | D        | Noticed a scorpion
   271 | D        | Noticed a jumping spider
   276 | D        | Killed a scorpion
   276 | D        | Reached XP level 6. HP: 43/62 MP: 9/11
   278 | D        | Killed a jumping spider
   278 | D        | Reached ** piety under Makhleb
   278 | D        | Reached skill level 7 in Axes
   278 | D        | Reached skill level 5 in Invocations
   278 | D        | Reached skill level 8 in Evocations
   279 | D        | Killed a jumping spider
   279 | D        | Reached skill level 9 in Evocations
   279 | D        | Reached XP level 7. HP: 63/72 MP: 9/13
   406 | D        | Entered arena 3.
   406 | D        | Noticed an anubis guard
   412 | D        | Reached *** piety under Makhleb
   415 | D        | Killed an anubis guard
   415 | D        | Reached skill level 10 in Evocations
   415 | D        | Reached XP level 8. HP: 58/81 MP: 13/15
   529 | D        | Entered arena 4.
   529 | D        | Noticed an orc priest
   529 | D        | Noticed an orc priest
   529 | D        | Noticed an orc priest
   532 | D        | Killed an orc priest
   533 | D        | Reached **** piety under Makhleb
   535 | D        | Killed an orc priest
   535 | D        | Killed an orc priest
   845 | D        | Entered arena 5.
   845 | D        | Noticed a phantom
   848 | D        | Reached ***** piety under Makhleb
   853 | D        | Killed a phantom
   857 | D        | Got the ring "Viditwuo" {Str+3 Dex+4}
   862 | D        | Entered arena 6.
   862 | D        | Noticed a necrophage
   862 | D        | Noticed a wight
   867 | D        | Killed a wight
   868 | D        | Killed a necrophage
   881 | D        | Entered arena 7.
   881 | D        | Noticed a porcupine
   881 | D        | Noticed a yak
   881 | D        | Noticed a wolf
   881 | D        | Noticed a black bear
   884 | D        | Killed a wolf
   884 | D        | Reached ****** piety under Makhleb
   886 | D        | Killed a porcupine
   886 | D        | Killed a black bear
   886 | D        | Reached skill level 10 in Shields
   887 | D        | Reached skill level 11 in Evocations
   890 | D        | Killed a yak
   890 | D        | Reached skill level 10 in Armour
   890 | D        | Gained mutation: You passively map the area around you. [Deep Dwarf growth]
   890 | D        | Reached XP level 9. HP: 90/90 MP: 17/17
   906 | D        | Entered arena 8.
   906 | D        | Noticed an iguana
   906 | D        | Noticed an iguana
   906 | D        | Noticed a porcupine
   906 | D        | Noticed a komodo dragon
   906 | D        | Noticed a wolf
   907 | D        | Killed a wolf
   910 | D        | Killed an iguana
   911 | D        | Killed a komodo dragon
   911 | D        | Reached skill level 10 in Axes
   912 | D        | Killed an iguana
   912 | D        | Killed a porcupine
  1031 | D        | Entered arena 9.
  1031 | D        | Noticed a deep elf mage
  1031 | D        | Noticed a deep elf knight
  1031 | D        | Noticed a deep elf knight
  1031 | D        | Noticed a deep elf summoner
  1031 | D        | Noticed a deep elf annihilator
  1031 | D        | Noticed a deep elf summoner
  1031 | D        | Noticed a deep elf summoner
  1031 | D        | Noticed a deep elf fighter
  1033 | D        | Noticed a demonic crawler
  1036 | D        | Killed a deep elf fighter
  1037 | D        | Noticed a demonic crawler
  1037 | D        | Killed a deep elf summoner
  1037 | D        | Reached skill level 12 in Evocations
  1041 | D        | Killed a deep elf knight
  1042 | D        | Killed a deep elf mage
  1048 | D        | Noticed a demonic crawler
  1050 | D        | Killed a deep elf summoner
  1050 | D        | Reached XP level 10. HP: 58/102 MP: 19/19
  1052 | D        | Killed a deep elf knight
  1052 | D        | Reached skill level 10 in Fighting
  1052 | D        | Reached skill level 13 in Evocations
  1055 | D        | Killed a deep elf annihilator
  1057 | D        | Killed a deep elf summoner
  1057 | D        | Reached skill level 10 in Invocations
  1072 | D        | Got the ring of Piaxkej {+Fly rElec Int-5 Dex+2 Slay+3}
  1076 | D        | Got the amulet of Ynodi {Faith rC+ Int+3}
  1291 | D        | Entered arena 10.
  1291 | D        | Noticed a vault sentinel
  1291 | D        | Noticed an ironbrand convoker
  1291 | D        | Noticed a vault guard
  1291 | D        | Noticed a yaktaur
  1291 | D        | Noticed an ogre mage
  1291 | D        | Noticed a yaktaur
  1291 | D        | Noticed an ironheart preserver
  1291 | D        | Noticed a vault warden
  1291 | D        | Noticed a vault guard
  1297 | D        | Killed an ironheart preserver
  1297 | D        | Reached skill level 14 in Evocations
  1298 | D        | Killed a vault warden
  1298 | D        | Reached XP level 11. HP: 72/111 MP: 21/21
  1299 | D        | Killed a yaktaur
  1299 | D        | Killed a yaktaur
  1299 | D        | Killed a vault guard
  1300 | D        | Killed an ogre mage
  1301 | D        | Killed an ironbrand convoker
  1301 | D        | Killed a vault guard
  1301 | D        | Reached skill level 15 in Evocations
  1302 | D        | Killed a vault sentinel
  1420 | D        | Entered arena 11.
  1420 | D        | Noticed an iron imp
  1420 | D        | Noticed a phantasmal warrior
  1420 | D        | Noticed a rust devil
  1420 | D        | Noticed a red devil
  1421 | D        | Noticed a rust devil
  1421 | D        | Noticed a reaper
  1421 | D        | Noticed a wight
  1421 | D        | Noticed a tormentor
  1425 | D        | Killed an iron imp
  1426 | D        | Killed a rust devil
  1427 | D        | Killed a red devil
  1429 | D        | Killed a phantasmal warrior
  1430 | D        | Killed a reaper
  1430 | D        | Killed a wight
  1430 | D        | Killed a tormentor
  1431 | D        | Killed a rust devil
  1550 | D        | Entered arena 12.
  1550 | D        | Noticed a cyclops
  1550 | D        | Noticed a yaktaur captain
  1550 | D        | Noticed a yaktaur
  1550 | D        | Noticed a cyclops
  1550 | D        | Noticed a merfolk javelineer
  1550 | D        | Noticed a centaur
  1550 | D        | Noticed a stone giant
  1551 | D        | Noticed a merfolk javelineer
  1551 | D        | Noticed a yaktaur
  1551 | D        | Noticed a merfolk javelineer
  1551 | D        | Noticed a cyclops
  1556 | D        | Killed a merfolk javelineer
  1556 | D        | Killed a centaur
  1559 | D        | Killed a stone giant
  1560 | D        | Killed a yaktaur
  1562 | D        | Killed a yaktaur
  1562 | D        | Killed a cyclops
  1566 | D        | Killed a yaktaur captain
  1566 | D        | Reached skill level 16 in Evocations
  1567 | D        | Killed a cyclops
  1570 | D        | Killed a cyclops
  1574 | D        | Killed a merfolk javelineer
  1574 | D        | Reached XP level 12. HP: 111/123 MP: 24/24
  1582 | D        | Killed a merfolk javelineer
  1592 | D        | Entered arena 13.
  1602 | D        | Noticed a deep elf conjurer
  1602 | D        | Noticed a deep elf mage
  1602 | D        | Noticed a deep elf priest
  1602 | D        | Noticed a deep elf knight
  1602 | D        | Noticed a deep elf mage
  1602 | D        | Noticed a deep elf conjurer
  1602 | D        | Noticed a deep elf high priest
  1604 | D        | Noticed a deep elf high priest
  1604 | D        | Noticed a deep elf fighter
  1604 | D        | Noticed a deep elf annihilator
  1604 | D        | Noticed a balrug
  1605 | D        | Noticed a deep elf master archer
  1605 | D        | Noticed a deep elf blademaster
  1608 | D        | Killed a deep elf conjurer
  1611 | D        | Noticed an Executioner
  1612 | D        | Killed a deep elf mage
  1613 | D        | Killed a deep elf high priest
  1614 | D        | Killed a deep elf fighter
  1615 | D        | Killed from afar by a deep elf annihilator

Action                   |  1- 3 |  4- 6 |  7- 9 | 10-12 || total
-------------------------+-------+-------+-------+-------++-------
Melee: Broad axe         |     2 |     7 |    49 |    44 ||   102
Invok: Greater Servant o |       |       |     1 |     7 ||     8
       Major Destruction |       |       |       |     2 ||     2
Evoke: Wand              |       |       |       |     2 ||     2
  Use: Potion            |       |       |     1 |     4 ||     5
 Stab: Distracted        |       |       |       |     3 ||     3
  Eat: Fruit             |       |       |       |     8 ||     8
